 Dungeon Crawl Stone Soup version 0.21-a0-531-gacddea6 (webtiles) character file.

39 slep the Chopper (level 3, -1/27 HPs)
             Began as a Demonspawn Gladiator on Dec 13, 2017.
             Slain by an orc priest
             ... wielding a +0 whip
              (2 damage)
             ... on level 3 of the Dungeon.
             The game lasted 00:02:47 (1166 turns).

slep the Chopper (Demonspawn Gladiator)             Turns: 1166, Time: 00:02:47

Health: -1/27      AC:  4    Str: 20    XL:     3   Next: 26%
Magic:  3/3        EV: 13    Int:  9    God:
Gold:   72         SH:  0    Dex: 14    Spells: 2/2 levels left

rFire    + . .     SeeInvis .   a - +0 war axe
rCold    . . .     Gourm    .   (no shield)
rNeg     . . .     Faith    .   b - +0 leather armour
rPois    .         Spirit   .   c - +0 helmet
rElec    .         Reflect  .   (no cloak)
rCorr    .         Harm     .   (no gloves)
MR       .....                  (no boots)
Stlth    +.........             (no amulet)
HPRegen  0.09/turn              n - ring of protection from fire
MPRegen  0.08/turn              o - ring of wizardry

@: mighty
A: claws 1
a: no special abilities


You were on level 3 of the Dungeon.
You were hungry.

You visited 1 branch of the dungeon, and saw 3 of its levels.

You collected 72 gold pieces.

Inventory:

Hand Weapons
 a - a +0 war axe (weapon)
Missiles
 d - 3 throwing nets (quivered)
Armour
 b - a +0 leather armour (worn)
 c - a +0 helmet (worn)
Jewellery
 n - a ring of protection from fire (left claw)
 o - a ring of wizardry (right claw)
Scrolls
 g - 6 scrolls of teleportation {unknown}
 h - 3 scrolls of enchant armour {unknown}
 p - a scroll of immolation {unknown}
Potions
 i - a potion of ambrosia {unknown}
 k - a potion of brilliance {unknown}
Books
 l - a book of Minor Magic

   Spells                             Type                      Level
   a - Magic Dart                     Conjuration                  1
   b - Blink                          Translocation                2
   c - Call Imp                       Summoning                    2
   d - Slow                           Hexes                        2
   e - Conjure Flame                  Conjuration/Fire             3
   f - Mephitic Cloud                 Conjuration/Poison/Air       3
Comestibles
 f - 6 bread rations
 j - a meat ration
 m - 2 fruits


   Skills:
 + Level 2.1 Fighting
 + Level 3.4 Axes
 + Level 1.8 Throwing
 + Level 0.3 Armour
 + Level 3.1 Dodging
 + Level 0.3 Stealth


You had 2 spell levels left.
You didn't know any spells.

Dungeon Overview and Level Annotations

Branches:
Dungeon (3/15)

Altars:
Elyvilon


Innate Abilities, Weirdness & Mutations

You have sharp fingernails.


Message History

The orc barely misses you.
You hit the orc.
You kill the orc!
You closely miss the orc. You closely miss the orc wizard.
The orc wizard closely misses you. The orc hits you with a short sword!
* * * LOW HITPOINT WARNING * * *
The orc priest barely misses you. The orc wizard misses you.
You slash the orc priest!
The orc priest is heavily wounded.
You slash the orc!
You kill the orc!
You barely miss the orc wizard. The orc wizard hits you with a dagger.
* * * LOW HITPOINT WARNING * * *
The orc priest barely misses you.
The orc wizard hits you but does no damage.
It was a potion of might.
You feel very mighty all of a sudden.
The orc wizard casts a spell.
The orc wizard blinks!
The orc priest hits you with a whip.
You die...

#.# #.# #.# #..
#.# #.#
#o#######
####@).....#
#.<..ยง####.#
#.#o........
........#.####.#
.##.#.###.# #...
.# #### ##


You could see an orc priest and an orc wizard.

Vanquished Creatures
  A worm (D:2)
  3 orcs (D:3)
  3 giant cockroaches
  6 goblins
  5 hobgoblins
  2 bats (D:1)
  4 frilled lizards
  3 kobolds (D:1)
  4 rats
31 creatures vanquished.

Notes
Turn   | Place    | Note
-------+----------+-------------------------------------------
     0 | D:1      | slep the Demonspawn Gladiator began the quest for the Orb.
     0 | D:1      | Reached XP level 1. HP: 16/16 MP: 1/1
   185 | D:1      | Gained mutation: You have sharp fingernails. [demonic ancestry]
   185 | D:1      | Reached XP level 2. HP: 22/22 MP: 2/2
   811 | D:2      | Reached XP level 3. HP: 27/27 MP: 3/3
  1103 | D:2      | Found a white marble altar of Elyvilon.
  1165 | D:3      | HP: 1/27 [orc wizard/dagger (1)]
  1166 | D:3      | Slain by an orc priest

Vault maps used:
D:1:      lemuel_arrival_hallway
D:2:      lemuel_round_altar, first_bread
D:3:      lemuel_coloured_pillars_altar, elyvilon_altar_1, uniq_grinder

Skill      XL: |  1  2 |
---------------+-------+-----
Dodging        | 3 |  3.1
Axes           | 3 |  3.4
Fighting       | |  2.1
Throwing       | |  1.8
Armour         | |  0.3
Stealth        | |  0.3

Action                   || total
-------------------------++-------
Melee: War axe           ||    63
  Use: Potion            ||     1
Armor: Leather armour    ||    20
Dodge: Dodged            ||    50

Table legend:
 A = Spawn XP
 B = Non-spawn XP
 C = Spawn XP percentage of total XP
 D = Spawn monster count
 E = Non-spawn monster count
 F = Spawn count percentage of total count
 G = Total turns spent on level
                    A         B        C        D         E        F      G
               +---------+---------+-------+---------+---------+-------+---------
         Total |       0 |      56 |   0.0 |       0 |      31 |   0.0 |  1166
               +---------+---------+-------+---------+---------+-------+---------
           D:1 |       0 |      22 |   0.0 |       0 |      14 |   0.0 |   453
           D:2 |       0 |      23 |   0.0 |       0 |      13 |   0.0 |   699
           D:3 |       0 |      11 |   0.0 |       0 |       4 |   0.0 |    14
               +---------+---------+-------+---------+---------+-------+---------
